 Dungeon Crawl Stone Soup version 0.24.0-125-gc4c63601f3 (webtiles) character file.

Game seed: 6915047386267165051, levelgen mode: deterministic

248 Amplified the Skirmisher (level 5, -4/47 HPs)
             Began as a Minotaur Assassin on Feb 29, 2020.
             Killed by divine providence
             ... invoked by an orc priest
              (11 damage)
             ... on level 4 of the Dungeon.
             The game lasted 00:04:04 (2904 turns).

Amplified the Skirmisher (Minotaur Assassin)        Turns: 2904, Time: 00:04:04

Health: -4/47      AC: 13    Str: 16 (17) XL:     5   Next: 86%
Magic:  0/4        EV:  7    Int:  9 (12) God:
Gold:   240        SH:  4    Dex: 10 (11) Spells: 4/4 levels left

rFire    . . .     SeeInvis .   n - +2 war axe (flame)
rCold    . . .     Gourm    .   g - +0 buckler
rNeg     . . .     Faith    .   h - +4 chain mail
rPois    .         Spirit   +   (helmet restricted)
rElec    .         Reflect  .   c - +0 cloak
rCorr    .         Harm     .   (no gloves)
MR       .....                  (no boots)
Stlth    ..........             q - amulet of guardian spirit
HPRegen  0.15/turn              (no ring)
MPRegen  0.09/turn              m - +4 ring of intelligence

@: no status effects
A: retaliatory headbutt, horns 2
a: no special abilities


You were on level 4 of the Dungeon.
You were very hungry.

You visited 1 branch of the dungeon, and saw 4 of its levels.

You collected 240 gold pieces.

Inventory:

Hand Weapons
 n - a +2 war axe of flaming (weapon)
Missiles
 d - 16 poisoned darts (quivered)
 e - 6 curare-tipped darts
Armour
 c - a +0 cloak (worn)
 g - a +0 buckler (worn)
 h - a +4 chain mail (worn)
 r - a +0 large shield
Jewellery
 m - a +4 ring of intelligence (right hand)
 q - an amulet of guardian spirit (around neck)
Wands
 l - a wand of random effects (14)
 s - a wand of flame (23)
Potions
 i - a potion of flight
 p - a potion of brilliance
Comestibles
 f - 8 rations


   Skills:
 * Level 4.6 Fighting
   Level 3.1 Short Blades
 * Level 2.7 Axes
 - Level 2.0 Throwing
 - Level 1.1 Armour
 - Level 1.6 Dodging
 - Level 3.2 Stealth
 * Level 3.4 Shields


You had 4 spell levels left.
You didn't know any spells.
Your spell library was empty.

Dungeon Overview and Level Annotations

Branches:
Dungeon (4/15)
 Temple: D:4-7

Altars:
Vehumet
Yredelemnul

Annotations:
D:1 Passwall


Innate Abilities, Weirdness & Mutations

You reflexively headbutt those who attack you in melee.
You have a pair of horns on your head.


Message History

You slash the orc! You burn the orc.
You kill the orc!
The orc priest invokes the aid of Beogh against you.
Beogh smites you!
You closely miss the orc.
The orc priest calls down the wrath of Beogh upon you.
Beogh smites you! The orc hits you but does no damage.
Unknown command.
You are too injured to fight recklessly!
Okay, then.
As you read the scroll of fog, it crumbles to dust.
The scroll dissolves into smoke.
The orc hits you but does no damage. The orc barely misses you.
The orc priest looks encouraged for a moment.
The orc priest mumbles some strange prayers to Beogh against you.
Beogh smites you!
* * * LOW HITPOINT WARNING * * *
The orc priest calls down the wrath of Beogh upon you.
Beogh smites you!
You die...

#.# #........)......# #.#
#.#
#..#######..#...#####.###
#.# #..# #..#............
#.#
#..#######÷.#..######.###
#.# #...........#..# #.#
..# ##.###>)##.##..# #.#
..# #.........# #.# .##
##..####§## #.# # ##
#.@##§§§# #.. . #
#...o§§§# ### ###
#.####...#o§§# ..#
#........o§§§###########
#.#
######...##§###......>..
#.# ##.###§# #.########
#.# #.# #§ #.# #.# #.# #.
#.# #.# #.# #. #.########


You could see an orc priest and 2 orcs.

Vanquished Creatures
  A scorpion (D:4)
  2 hounds (D:3)
  A hound skeleton (D:4)
  A gnoll (D:3)
  5 adders
  An ooze (D:4)
  2 worms (D:2)
  3 leopard geckos
  5 orcs
  4 bats
  3 giant cockroaches
  9 goblins
  6 hobgoblins
  3 quokkas
  3 frilled lizards
  A jackal skeleton (D:2)
  7 kobolds
  4 rats
61 creatures vanquished.

Notes
Turn   | Place    | Note
-------+----------+-------------------------------------------
     0 | D:1      | Amplified the Minotaur Assassin began the quest for the
                  | Orb.
     0 | D:1      | Reached XP level 1. HP: 18/18 MP: 0/0
   518 | D:1      | Reached XP level 2. HP: 25/25 MP: 1/1
   719 | D:1      | Reached skill level 1 in Armour
  1074 | D:2      | Reached skill level 3 in Fighting
  1074 | D:2      | Reached XP level 3. HP: 26/31 MP: 2/2
  1154 | D:2      | Reached skill level 1 in Shields
  2060 | D:3      | Reached skill level 1 in Axes
  2060 | D:3      | Reached XP level 4. HP: 37/40 MP: 3/3
  2066 | D:3      | Reached skill level 4 in Fighting
  2155 | D:3      | Reached XP level 5. HP: 46/46 MP: 4/4
  2365 | D:4      | Found a radiant altar of Vehumet.
  2465 | D:4      | Found a basalt altar of Yredelemnul.
  2904 | D:4      | Killed from afar by an orc priest

Levels and vault maps discovered:
D:1:      nagdon_arrival_double_spiral, layout_basic
D:2:      cheibrodos_old_hovel, layout_loops_ring
D:3:      layout_basic, first_ration, cheibrodos_gnoll_hut
D:4:      layout_loops_ring, vehumet_altar_wand_db, yredelemnul_altar_generic

Skill      XL: |  1  2  3  4  5 |
---------------+----------------+-----
Armour         | 1 |  1.1
Fighting       | 3 4 |  4.6
Shields        | 2 3 |  3.4
Short Blades   | 3 |  3.1
Axes           | 1 2 |  2.7
Throwing       | |  2.0
Dodging        | |  1.6
Stealth        | |  3.2

Action                   |  1- 3 |  4- 6 || total
-------------------------+-------+-------++-------
Melee: Dagger            |   108 |       ||   108
       Headbutt          |    13 |     6 ||    19
       War axe           |     8 |    58 ||    66
  Use: Scroll            |     5 |     7 ||    12
       Potion            |     4 |     2 ||     6
  Eat: Chunk             |     3 |     2 ||     5
Armor: Ring mail         |     4 |       ||     4
       Robe              |     1 |       ||     1
       Chain mail        |    47 |    36 ||    83
       Skin              |     2 |       ||     2
Dodge: Dodged            |    28 |    28 ||    56
Block: Buckler           |     8 |     7 ||    15
